 Dungeon Crawl Stone Soup version 0.29-a0-817-g9904bce7a6 (webtiles) character file.

Game seed: 11247856956964443577

152 zishaf the Shooter (level 4, -2/38 HPs)
             Began as a Demigod Hunter on July 5, 2022.
             Killed from afar by an orc wizard (7 damage)
             ... with a magic dart
             ... on level 4 of the Dungeon.
             The game lasted 00:04:44 (3322 turns).

zishaf the Shooter (Demigod Hunter)                 Turns: 3322, Time: 00:04:45

Health: -2/38      AC:  7    Str: 12    XL:     4   Next: 87%
Magic:  6/6        EV: 13    Int: 11    God:
Gold:   245        SH:  0    Dex: 21    Spells: 1/3 levels left

rFire   + . .      SeeInvis .   b - +8 short sword of Dullness {elec, rPois}
rCold   + . .      Faith    .   (no shield)
rNeg    . . .      Spirit   .   o - +0 scale mail of Wrong Decisions {Harm Drain rF+ rC+}
rPois   +          Reflect  .   (no helmet)
rElec   .          Harm     +   (no cloak)
rCorr   .          Rampage  .   (no gloves)
Will    .....                   k - +0 pair of boots
Stlth   +.........              (no amulet)
HPRegen 0.12/turn               l - +4 ring of evasion
MPRegen 0.10/turn               (no ring)

@: no status effects
A: high MP 1, forlorn, divine attributes
a: no special abilities


You were on level 4 of the Dungeon.
You visited 1 branch of the dungeon, and saw 4 of its levels.

You collected 245 gold pieces.

Inventory:

Hand Weapons
 a - a +1 shortbow
 b - the +8 short sword of Dullness (weapon) {elec, rPois}
   (You found it on level 3 of the Dungeon)

   It occasionally discharges a powerful burst of electricity upon striking a
   foe.
   rPois:     It protects you from poison.
 u - a +0 trident
Armour
 c - a +0 leather armour
 k - a +0 pair of boots (worn)
 n - a +0 chain mail
 o - the +0 scale mail of Wrong Decisions (worn) {Harm Drain rF+ rC+}
   (You found it on level 2 of the Dungeon)

   rF:        It protects you from fire.
   rC:        It protects you from cold.
   Drain:     It drains your maximum health when unequipped.
   Harm:      It increases damage dealt and taken.
Jewellery
 l - a +4 ring of evasion (left hand)
Scrolls
 f - a scroll of immolation
 i - 3 scrolls of teleportation
 j - a scroll of fear
 p - 2 scrolls of magic mapping
 s - a scroll of fog
Potions
 d - 2 potions of attraction {unknown}
 e - 3 potions of cancellation
 g - a potion of curing
 h - a potion of haste {unknown}
 m - a potion of brilliance {unknown}
 q - a potion of mutation {unknown}
 r - a potion of lignification {unknown}
 t - a potion of resistance {unknown}


   Skills:
 + Level 3.5 Fighting
 + Level 0.3 Short Blades
 + Level 4.7 Ranged Weapons
 - Level 1.7 Dodging
 - Level 0.8 Stealth
 + Level 0.8 Translocations


You had one spell level left.
You knew the following spells:

 Your Spells              Type           Power      Damage    Failure   Level
a - Blink                 Tloc           2%         N/A       91%         2

Your spell library contained the following spells:

 Spells                   Type           Power      Damage    Failure   Level
 Sandblast                Erth           0%         2d4       89%         1
 Passwall                 Tmut/Erth      0%         N/A       96%         2
 Call Canine Familiar     Summ           0%         N/A       99%         3
 Lesser Beckoning         Tloc           1%         N/A       99%         3
 Portal Projectile        Hex/Tloc       0%         N/A       99%         3
 Stone Arrow              Conj/Erth      0%         3d7       99%         3
 Leda's Liquefaction      Hex/Erth       0%         N/A       100%        4
 Manifold Assault         Tloc           1%         N/A       100%        5


Dungeon Overview and Level Annotations

Branches:
Dungeon (4/15)             Temple (0/1) D:4


Innate Abilities, Weirdness & Mutations

You have an increased reservoir of magic. (+10% MP)
You shall have no god before yourself.
Your divine heritage dramatically boosts your attributes as you level up.


Message History

You start resting.
HP restored.
There is a stone staircase leading down here.
You climb downwards.
The orc hits you with a +0 dagger. The orc hits you but does no damage.
There is a stone staircase leading up here.
The orc barely misses you.
You climb upwards.
There is a stone staircase leading down here.
You puncture the orc!
You kill the orc!
No target in view!
You start resting.
HP restored.
You climb downwards.
The adder completely misses you. The adder bites you.
There is a stone staircase leading up here.
You puncture the adder!
You kill the adder!
The orc priest miscasts a cantrip.
You see here an adder corpse.
You hit the orc priest.
The orc priest is lightly wounded.
The orc priest calls down the wrath of Beogh upon you.
Beogh smites you!
Ouch! That really hurt!
The orc priest calls down the wrath of Beogh upon you.
Beogh smites you!
* * * LOW HITPOINT WARNING * * *
You hit the orc priest.
The orc priest is moderately wounded.
The orc priest hits you but does no damage.
You hit the orc priest but do no damage.
The orc priest is moderately wounded.
The orc priest closely misses you.
You hit the orc priest.
Lightning courses through the orc priest!
You kill the orc priest!
The orc wizard points at you and mumbles some strange words.
The magic dart hits you.
You die...

#.# ##.#.###.#
#.#######.###....###.
#.#......## ##[......
########
#.#.#####.###.###...#
#......######.#.#
##.#..# .##
######..........#
##.#.# # ########...#
######.###..#
####...####)....S)....#
#..<..<@)o..####.###..#
#.....####..# #.# #
#.......# #...# ..#
#.......# #.......#
#.......# #...8⌠...
###...... .........
#.....# ....8⌠.>.
.....## #...$.....


You could see an orc wizard.

Vanquished Creatures
  An orc priest (D:4)
  3 gnolls (D:2)
  5 adders
  3 worms (D:2)
  3 dart slugs (D:2)
  3 orcs
  5 ball pythons
  5 bats
  7 endoplasms
  7 hobgoblins
  3 jackals (D:2)
  3 quokkas
  6 frilled lizards
  3 goblins
  6 kobolds
  3 rats
66 creatures vanquished.

Vanquished Creatures (others)
  11 plants (D:2)
11 creatures vanquished.

Grand Total: 77 creatures vanquished

Notes
Turn   | Place    | Note
-------+----------+-------------------------------------------
     0 | D:1      | zishaf the Demigod Hunter began the quest for the Orb.
     0 | D:1      | Reached XP level 1. HP: 17/17 MP: 3/3
   802 | D:2      | Identified the +0 scale mail of Wrong Decisions {Harm Drain
                  | rF+ rC+}
   884 | D:2      | Reached XP level 2. HP: 19/24 MP: 4/4
   981 | D:2      | Reached skill level 4 in Ranged Weapons
   990 | D:2      | Reached XP level 3. HP: 21/30 MP: 5/5
  1617 | D:2      | Reached XP level 4. HP: 38/38 MP: 6/6
  1978 | D:3      | Learned a level 2 spell: Blink
  2838 | D:3      | Identified the +8 short sword of Dullness {elec, rPois}
  3068 | D:4      | Found a staircase to the Ecumenical Temple.
  3322 | D:4      | Killed from afar by an orc wizard

Illustrated notes

Levels and vault maps discovered:
D:1:      onia_arrival_pentagram, layout_loops_ring,
          hellmonk_ecumenical_altar_inner_sanctum
D:2:      layout_basic, nicolae_grassy_gnolls
D:3:      layout_basic, kennysheep_cluttered_room, minmay_vboxes
D:4:      layout_loops_ring, nicolae_overflow_hallway_of_the_gods,
          grunt_qazlal_clouds, minmay_temple_entry_drinking_statues,
          minmay_misc_feat_chi, uniq_duvessa

Skill      XL: |  1  2  3 |
---------------+----------+-----
Fighting       | 2 3 |  3.5
Ranged Weapons | 4 |  4.7
Short Blades   | |  0.3
Dodging        | |  1.7
Stealth        | |  0.8
Translocations | |  0.8

Action                   |  1- 3 |  4- 6 || total
-------------------------+-------+-------++-------
Melee: Short sword       |       |     8 ||     8
 Fire: Shortbow          |   109 |    67 ||   176
  Use: Scroll            |       |    11 ||    11
Armor: Scale mail        |    16 |    14 ||    30
Dodge: Dodged            |    46 |    20 ||    66

Table legend: (Time is in decaauts)
 A = Elapsed time spent in this place.
 B = Non-inter-level travel time spent in this place.
 C = Inter-level travel time spent in this place.
 D = Time resting spent in this place.
 E = Time spent auto-exploring this place.
 F = Levels seen in this place.
 G = Mean time per level.
                   A        B        C        D        E       F      G
               +--------+--------+--------+--------+--------+-----+--------+
         Total |   3419 |   3306 |    113 |    223 |   2564 |   4 |  854.8 |
       Dungeon |   3419 |   3306 |    113 |    223 |   2564 |   4 |  854.8 |
               +--------+--------+--------+--------+--------+-----+--------+

Top non-repeatable levels by time:
     D:3: 1381 daAuts
     D:2: 1201 daAuts
     D:1: 759 daAuts
     D:4: 77 daAuts
